 Dungeon Crawl Stone Soup version 0.30-a0-585-g93115170b9 (webtiles) character file.

Game seed: 2166903392491683374

455 wormed the Slasher (level 7, 0/56 HPs)
             Began as a Merfolk Monk on Jan 2, 2023.
             Slain by an ogre
             ... wielding a +0 giant club
              (30 damage)
             ... on level 5 of the Dungeon.
             The game lasted 00:05:49 (4043 turns).

wormed the Slasher (Merfolk Monk)                   Turns: 4043, Time: 00:05:50

Health: 0/56       AC:  4    Str: 11    XL:     7   Next: 5%
Magic:  7/7        EV: 15    Int: 10    God:
Gold:   314        SH:  0    Dex: 18    Spells: 6/6 levels left

rFire   . . .      SeeInvis .    a - +1 falchion
rCold   . . .      Faith    .    (no shield)
rNeg    . . .      Spirit   .    m - +0 leather armour
rPois   .          Reflect  .    l - +0 helmet
rElec   .          Harm     .    j - scarf {shadows}
rCorr   .          Rampage  .    (no gloves)
Will    .....                    (no boots)
Stlth   ++                       (no amulet)
HPRegen 0.29/turn                (no ring)
MPRegen 0.10/turn                (no ring)

@: lethally poisoned (0 -> -3)
A: (nimble swimmer 2), mertail
a: no special abilities


You were on level 5 of the Dungeon.
You visited 1 branch of the dungeon, and saw 5 of its levels.

You collected 314 gold pieces.

Inventory:

Hand Weapons
 a - a +1 falchion (weapon)
Armour
 b - a +0 robe
 j - a scarf of shadows (worn)
 l - a +0 helmet (worn)
 m - a +0 leather armour (worn)
Jewellery
 k - a ring of wizardry
Scrolls
 e - a scroll of fear {unknown}
 f - a scroll of identify
 h - a scroll of amnesia {unknown}
 n - a scroll of enchant weapon
Potions
 c - a potion of ambrosia
 d - a potion of resistance {unknown}
 g - 4 potions of curing
 i - a potion of attraction {unknown}


   Skills:
 + Level 5.0 Fighting
 * Level 7.1 Long Blades
 + Level 6.1 Dodging
 - Level 2.1 Stealth


You had 6 spell levels left.
You didn't know any spells.
Your spell library contained the following spells:

 Spells                   Type           Power      Damage    Failure   Level
 Ensorcelled Hibernation  Hex/Ice        0%         N/A       58%         2
 Passwall                 Tmut/Erth      0%         N/A       58%         2
 Static Discharge         Conj/Air       0%         2-2/arc   58%         2
 Swiftness                Air            0%         N/A       83%         3
 Vhi's Electric Charge    Tloc/Air       0%         N/A       83%         3
 Arcjolt                  Conj/Air       0%         1d10      100%        5
 Lightning Bolt           Conj/Air       0%         1d11      100%        5


Dungeon Overview and Level Annotations

Branches:
Dungeon (5/15)
 Temple: D:4-7

Altars:
Xom

Shops:
D:4 ?

Annotations:
D:4 Grinder


Innate Abilities, Weirdness & Mutations

((You are very nimble when in or above water. (Stealth+, EV+, Speed+++)))
Your lower body shifts to a powerful aquatic tail in water.


Message History

You have reached level 7!
n - a scroll of enchant weapon A scorpion is nearby!
A scorpion is nearby!
A scorpion is nearby!
A scorpion is nearby!
You strike the helpless scorpion from behind!
You hit the scorpion but do no damage. The scorpion misses you.
You barely miss the scorpion. The scorpion barely misses you.
The ogre shouts!
You hit the scorpion.
The scorpion is moderately wounded.
The scorpion stings you.
You are poisoned.
The scorpion poisons you!
You hit the scorpion but do no damage.
The scorpion is moderately wounded.
You feel very sick. The scorpion misses you.
You closely miss the scorpion.
The scorpion is moderately wounded.
You feel very sick. The scorpion stings you.
You hit the scorpion.
The scorpion is moderately wounded.
You feel sick.
The scorpion stings you but does no damage.
The scorpion closely misses you.
You slash the scorpion!
The scorpion is severely wounded.
You feel sick. The scorpion closely misses you. The ogre closely misses you.
You completely miss the scorpion.
The scorpion is severely wounded.
You feel sick. The scorpion stings you.
You hit the scorpion.
The scorpion is almost dead.
You feel sick.
The ogre hits you with a +0 giant club!!
Ouch! That really hurt!
You die...

_.## ..##.........#
^~≈#.........# ##......
..≈⌠.........# #.......
..♣#........# ##.......
..##........# #........
.≈##.......## #........
.##.........###.O......
##........#..#..@......
..........##....s..##+#
#####....####....$.#
###### ##.....# ....?.#
##.....# ##.......
...## #...... .....#
#......


You could see an ogre and a scorpion.

Vanquished Creatures
  2 scorpions (D:4)
  A howler monkey (D:3)
  A jelly (D:5)
  A hound (D:5)
  3 iguanas
  An orc wizard (D:4)
  An adder (D:2)
  2 gnolls
  2 dart slugs
  13 orcs (D:4)
  7 ball pythons
  6 endoplasms
  3 giant cockroaches
  6 goblins
  9 hobgoblins
  6 jackals (D:1)
  9 kobolds
  2 quokkas
  5 bats
  10 frilled lizards
  3 rats
93 creatures vanquished.

Vanquished Creatures (others)
  4 fungi (D:3)
  5 plants
9 creatures vanquished.

Grand Total: 102 creatures vanquished

Notes
Turn   | Place    | Note
-------+----------+-------------------------------------------
     0 | D:1      | wormed the Merfolk Monk began the quest for the Orb.
     0 | D:1      | Reached XP level 1. HP: 18/18 MP: 1/1
    37 | D:1      | Reached XP level 2. HP: 23/24 MP: 2/2
    40 | D:1      | Reached skill level 4 in Long Blades
   401 | D:1      | Reached XP level 3. HP: 29/29 MP: 3/3
   624 | D:1      | You fall into a shaft and drop 1 floor!
  1671 | D:2      | Reached XP level 4. HP: 33/37 MP: 4/4
  2149 | D:3      | Reached skill level 5 in Long Blades
  2248 | D:3      | Noticed a water moccasin
  2254 | D:3      | Reached skill level 5 in Dodging
  2254 | D:3      | Reached XP level 5. HP: 25/42 MP: 5/5
  2510 | D:4      | Found Kiocrees's Magic Scroll Emporium.
  2551 | D:4      | Reached skill level 6 in Long Blades
  2738 | D:5      | Entered Level 5 of the Dungeon
  2886 | D:4      | Reached XP level 6. HP: 5/49 MP: 6/6
  3270 | D:4      | Noticed a black bear
  3757 | D:4      | Noticed Grinder
  3757 | D:4      | Paralysed by Grinder for 2 turns
  3872 | D:5      | Identified the +1 plate armour of Wu Jian's Pride {rPois
                  | rC+ rN++ Slay-6}
  3919 | D:5      | Reached skill level 5 in Fighting
  3919 | D:5      | Reached skill level 7 in Long Blades
  3981 | D:5      | Found a shimmering altar of Xom.
  3984 | D:5      | Found a shimmering altar of Xom.
  3999 | D:5      | Found a shimmering altar of Xom.
  3999 | D:5      | Found a shimmering altar of Xom.
  4000 | D:5      | Found a shimmering altar of Xom.
  4021 | D:5      | Reached XP level 7. HP: 56/56 MP: 7/7
  4043 | D:5      | Slain by an ogre

Illustrated notes

Levels and vault maps discovered:
D:1:      denvon_arrival_planthouse, layout_basic
D:2:      layout_basic, minmay_lizard_king
D:3:      layout_loops_cross, marbit_many_paths, mainiacjoe_overflow_alcove_1,
          shapermc_ecumenical_altar_mp_ritualfount
D:4:      layout_loops_cross, mainiacjoe_overflow_alcove_2, serial_shops, shop,
          uniq_grinder
D:5:      layout_cave_pods, xom_redecorated, eino_tiny_chamber, uniq_ijyb,
          uniq_prince_ribbit1

Skill      XL: |  1  2  3  4  5  6 |
---------------+-------------------+-----
Long Blades    | 4 5 6 7 |  7.1
Fighting       | 4 5 |  5.0
Dodging        | 5 6 |  6.1
Stealth        | |  2.1

Action                   |  1- 3 |  4- 6 |  7- 9 || total
-------------------------+-------+-------+-------++-------
Melee: Falchion          |   107 |   211 |     9 ||   327
       Punch             |       |     1 |       ||     1
  Use: Scroll            |     7 |     2 |       ||     9
       Potion            |       |     2 |       ||     2
 Stab: Sleeping          |     7 |     5 |       ||    12
       Distracted        |     1 |     1 |     1 ||     3
Armor: Robe              |    21 |    20 |       ||    41
       Leather armour    |       |       |     1 ||     1
Dodge: Dodged            |   111 |   174 |     6 ||   291

Table legend: (Time is in decaauts)
 A = Elapsed time spent in this place.
 B = Non-inter-level travel time spent in this place.
 C = Inter-level travel time spent in this place.
 D = Time resting spent in this place.
 E = Time spent auto-exploring this place.
 F = Levels seen in this place.
 G = Mean time per level.
                   A        B        C        D        E       F      G
               +--------+--------+--------+--------+--------+-----+--------+
         Total |   4053 |   3907 |    146 |    378 |   2604 |   5 |  810.6 |
       Dungeon |   4053 |   3907 |    146 |    378 |   2604 |   5 |  810.6 |
               +--------+--------+--------+--------+--------+-----+--------+

Top non-repeatable levels by time:
     D:2: 1199 daAuts
     D:1: 1053 daAuts
     D:4: 1050 daAuts
     D:3: 415 daAuts
     D:5: 335 daAuts
